 Dungeon Crawl Stone Soup version 0.21-a0-207-g4a9efaf (webtiles) character file.

19 tehllama the Insei (level 2, -1/18 HPs)
             Began as an Octopode Transmuter on Aug 20, 2017.
             Slain by a jackal (2 damage)
             ... on level 2 of the Dungeon.
             The game lasted 00:00:53 (795 turns).

tehllama the Insei (Octopode Transmuter)             Turns: 795, Time: 00:00:54

Health: -1/18      AC:  1    Str:  9    XL:     2   Next: 75%
Magic:  4/5        EV: 13    Int: 15    God:
Gold:   39         SH:  0    Dex: 12    Spells: 4/5 levels left

rFire    . . .     SeeInvis .     - Unarmed
rCold    . . .     Gourm    .   (no shield)
rNeg     . . .     Faith    .   (helmet restricted)
rPois    .         Spirit   .   (no amulet)
rElec    .         Reflect  .   (no ring)
rCorr    .         Harm     .   (no ring)
MR       .....                  (no ring)
Stlth    ++........             (no ring)
HPRegen  0.06/turn              (no ring)
MPRegen  0.09/turn              (no ring)
                                (no ring)
                                (no ring)

@: appendage
A: almost no armour, stealthy swim, amphibious, 8 rings, constrict 8, tentacle
spike 3, camouflage 1, gelatinous body 1
a: End Transformation


You were on level 2 of the Dungeon.
You were not hungry.
One of your tentacles had a temporary spike.
You visited 1 branch of the dungeon, and saw 2 of its levels.

You collected 39 gold pieces.

Inventory:

Missiles
 a - 12 arrows
Armour
 i - a cursed +0 buckler
Jewellery
 f - an uncursed ring of flight {unknown}
Scrolls
 e - 2 scrolls of teleportation {unknown}
 h - a scroll of enchant weapon {unknown}
 k - a scroll of enchant armour {unknown}
Potions
 d - a potion of berserk rage {unknown}
 g - a potion of curing {unknown}
 j - a potion of agility {unknown}
Books
 b - a book of Changes

   Spells                             Type                      Level
   a - Beastly Appendage              Transmutation                1
   b - Sticks to Snakes               Transmutation                2
   c - Spider Form                    Transmutation/Poison         3
   d - Ice Form                       Ice/Transmutation            4
   e - Blade Hands                    Transmutation                5
Comestibles
 c - a bread ration


   Skills:
 - Level 1.0 Fighting
 - Level 2.0 Dodging
 + Level 3.9 Unarmed Combat
 - Level 2.0 Spellcasting
 - Level 2.0 Transmutations


You had 4 spell levels left.
You knew the following spells:

 Your Spells              Type           Power        Failure   Level  Hunger
a - Beastly Appendage     Tmut           #.....       10%         1    #......


Dungeon Overview and Level Annotations

Branches:
Dungeon (2/15)

Altars:


Innate Abilities, Weirdness & Mutations

You cannot wear most types of armour.
You are very stealthy in the water. (Stealth+)
You are amphibious.
You can wear up to eight rings at the same time.
You can use your tentacles to constrict eight enemies at once.
Your skin changes colour to match your surroundings (Stealth+).
Your rubbery body absorbs attacks. (AC +1, EV +1)
One of your tentacles bears a large vicious spike.


Message History

You kill the jackal!
The jackal barely misses you. The leopard gecko bites you.
The jackal bites you.
* * * LOW HITPOINT WARNING * * *
You see here a dagger.
The leopard gecko misses you.
The jackal bites you but does no damage.
Casting: Beastly Appendage
Confirm with . or Enter, or press ? or * to list all spells.
One of your tentacles grows a vicious spike.
The jackal misses you.
You closely miss the jackal. Your grab misses the jackal. The jackal bites you.
* * * LOW HITPOINT WARNING * * *
The leopard gecko hisses menacingly.
You tentacle-slap the jackal. You grab the jackal.
The jackal is heavily wounded.
You constrict the jackal. The jackal bites you.
* * * LOW HITPOINT WARNING * * *
The jackal bites you.
You die...

........####
......$.##..
........##.#####
........##.#...#
........##.#.#.#
........##.#.#.#
........##.#<#.#
........).h###.#
.........llh@..#
........########
.........
........#
.........
#####.#$# #.#.


You could see a leopard gecko, 2 jackals and a frilled lizard.

Vanquished Creatures
  A leopard gecko (D:1)
  3 bats (D:1)
  2 giant cockroaches (D:1)
  2 goblins (D:1)
  2 hobgoblins (D:1)
  A jackal (D:2)
  A kobold (D:1)
  3 frilled lizards (D:1)
15 creatures vanquished.

Notes
Turn   | Place    | Note
-------+----------+-------------------------------------------
     0 | D:1      | tehllama the Octopode Transmuter began the quest for the Orb.
     0 | D:1      | Reached XP level 1. HP: 13/13 MP: 3/3
   217 | D:1      | Reached XP level 2. HP: 16/18 MP: 5/5
   795 | D:2      | Slain by a jackal

Vault maps used:
D:1:      saegor_arrival_simple_a

Action                   || total
-------------------------++-------
Melee: Unarmed           ||    38
       Constrict         ||    12
       Tentacles         ||     4
 Cast: Beastly Appendage ||     4
 Stab: Sleeping          ||     3
Armor: Skin              ||     7
Dodge: Dodged            ||    25
